TOP OF THE 1ST |
Hudson Valley Renegades batting - Pitching for Mahoning Valley Scrappers : RHP Joe Zeiset
|
Pitching: RHP Joe Zeiset
|
|
Batting: LHB Dan Hunt
|
0-0: Called Strike 0-1: Foul Ball, location: 2F 0-2: Foul Ball, location: 2F 0-2: Strikes out swinging, 2-3 out at first.
|
Batting: RHB Jesse Haddad
|
0-0: Ball 1-0: Ball 2-0: Ball 3-0: Base on Balls
|
Batting: LHB Mark Marvin
|
0-0: Ball 1-0: Foul Ball, location: 2F 1-1: Foul Ball, location: 2F 1-2: Ball 2-2: Foul Ball, location: 2F 2-2: Strikes out swinging
|
Batting: LHB Isaac Bamberg
|
0-0: Ball 1-0: Swinging Strike 1-1: Ball 2-1: Swinging Strike 2-2: Foul Ball, location: 2F 2-2: Foul Ball, location: 2F 2-2: Strikes out swinging
|
Top of the 1st over - 0 runs, 0 hits, 0 errors, 1 left on base; Hudson Valley 0 - Mahoning Valley 0 |
BOTTOM OF THE 1ST |
Mahoning Valley Scrappers batting - Pitching for Hudson Valley Renegades : RHP Scott Shank
|
Pitching: RHP Scott Shank
|
|
Batting: LHB John Harring
|
0-0: Called Strike 0-1: Bunt missed! 0-2: Ball 1-2: Strikes out swinging
|
Batting: RHB Ricky Cordova
|
0-0: Called Strike 0-1: Ball 1-1: Called Strike 1-2: Fly out, F9 (Flyball, 89S, EV 81.2 MPH)
|
Batting: RHB Ryan Gautney
|
0-0: Fly out, F8 (Flyball, 78D, EV 91.2 MPH)
|
Bottom of the 1st over - 0 runs, 0 hits, 0 errors, 0 left on base; Hudson Valley 0 - Mahoning Valley 0 |
TOP OF THE 2ND |
Hudson Valley Renegades batting - Pitching for Mahoning Valley Scrappers : RHP Joe Zeiset
|
Batting: SHB Suljo Dokic
|
0-0: Ball 1-0: Ball 2-0: Foul Ball, location: 2F 2-1: Foul Ball, location: 2F 2-2: Strikes out looking
|
Batting: RHB Chris Glavin
|
0-0: Ball 1-0: Ground out 6-3 (Groundball, 6S, EV 85.6 MPH)
|
Batting: RHB Orlando Herrera
|
0-0: Ball 1-0: Ball 2-0: Ground out 4-3 (Groundball, 34D, EV 85.6 MPH)
|
Top of the 2nd over - 0 runs, 0 hits, 0 errors, 0 left on base; Hudson Valley 0 - Mahoning Valley 0 |
BOTTOM OF THE 2ND |
Mahoning Valley Scrappers batting - Pitching for Hudson Valley Renegades : RHP Scott Shank
|
Batting: RHB Willie Gonzales
|
0-0: Called Strike 0-1: Called Strike 0-2: TRIPLE (Line Drive, 89XD, EV 105.0 MPH)
|
Batting: RHB Jeremy Givens
|
0-0: Foul Ball, location: 2F 0-1: Ball 1-1: Swinging Strike 1-2: SINGLE (Line Drive, 9S, EV 97.5 MPH) Willie Gonzales scores
|
Batting: RHB Andy Lewis
|
0-0: Called Strike 0-1: Called Strike 0-2: Ball 1-2: Foul Ball, location: 2F 1-2: Fly out, F9 (Flyball, 9LS, EV 85.6 MPH)
|
Batting: RHB Blake Kelly
|
0-0: Called Strike 0-1: Ball 1-1: Ball 2-1: Ball 3-1: Called Strike 3-2: Fly out, F3 (Popup, 34S, EV 82.5 MPH)
|
Batting: RHB Tetsuhiro Taki
|
0-0: Ball Jeremy Givens steals 2nd base 1-0: Ball 2-0: Called Strike 2-1: Foul Ball, location: 2F 2-2: Ground out 5-3 (Groundball, 5, EV 77.5 MPH)
|
Bottom of the 2nd over - 1 run, 2 hits, 0 errors, 1 left on base; Hudson Valley 0 - Mahoning Valley 1 |
TOP OF THE 3RD |
Hudson Valley Renegades batting - Pitching for Mahoning Valley Scrappers : RHP Joe Zeiset
|
Batting: RHB Jose Bengochea
|
0-0: Called Strike 0-1: Called Strike 0-2: Fly out, F5 (Flyball, 5D, EV 86.2 MPH)
|
Batting: SHB Tirta Subandrio
|
0-0: Foul Ball, location: 2F 0-1: Ball 1-1: Swinging Strike 1-2: Foul Ball, location: 2F 1-2: Ball 2-2: Strikes out swinging
|
Batting: LHB Dan Hunt
|
0-0: Ground out U3 (Groundball, 34, EV 81.9 MPH)
|
Top of the 3rd over - 0 runs, 0 hits, 0 errors, 0 left on base; Hudson Valley 0 - Mahoning Valley 1 |
BOTTOM OF THE 3RD |
Mahoning Valley Scrappers batting - Pitching for Hudson Valley Renegades : RHP Scott Shank
|
Batting: RHB Gashie Chimsima
|
0-0: Called Strike 0-1: Swinging Strike 0-2: Strikes out swinging
|
Batting: LHB John Harring
|
0-0: Ball 1-0: Ball 2-0: Called Strike 2-1: Hit by Pitch
|
Batting: RHB Ricky Cordova
|
0-0: Ball 1-0: Fielders Choice at 2nd, 5-4 (Groundball, 56, EV 85.6 MPH)
|
Batting: RHB Ryan Gautney
|
0-0: Ball Ricky Cordova is caught stealing 2nd base 2-4
|
Bottom of the 3rd over - 0 runs, 0 hits, 0 errors, 0 left on base; Hudson Valley 0 - Mahoning Valley 1 |
TOP OF THE 4TH |
Hudson Valley Renegades batting - Pitching for Mahoning Valley Scrappers : RHP Joe Zeiset
|
Batting: RHB Jesse Haddad
|
0-0: Swinging Strike 0-1: Called Strike 0-2: Fly out, F8 (Flyball, 8LM, EV 83.1 MPH)
|
Batting: LHB Mark Marvin
|
0-0: Ball 1-0: Foul Ball, location: 2F 1-1: Ground out 4-3 (Groundball, 4, EV 85.0 MPH)
|
Batting: LHB Isaac Bamberg
|
0-0: Called Strike 0-1: Swinging Strike 0-2: Strikes out swinging
|
Top of the 4th over - 0 runs, 0 hits, 0 errors, 0 left on base; Hudson Valley 0 - Mahoning Valley 1 |
BOTTOM OF THE 4TH |
Mahoning Valley Scrappers batting - Pitching for Hudson Valley Renegades : RHP Scott Shank
|
Batting: RHB Ryan Gautney
|
0-0: Called Strike 0-1: Swinging Strike 0-2: Ball 1-2: Ground out 4-3 (Groundball, 4, EV 81.9 MPH)
|
Batting: RHB Willie Gonzales
|
0-0: Foul Ball, location: 2F 0-1: Ball 1-1: Ball 2-1: Fly out, F9 (Flyball, 9S, EV 78.1 MPH)
|
Batting: RHB Jeremy Givens
|
0-0: Hit by Pitch
|
Batting: RHB Andy Lewis
|
0-0: Ball 1-0: Ball 2-0: Swinging Strike 2-1: Ground out 5-3 (Groundball, 56S, EV 88.1 MPH)
|
Bottom of the 4th over - 0 runs, 0 hits, 0 errors, 1 left on base; Hudson Valley 0 - Mahoning Valley 1 |
TOP OF THE 5TH |
Hudson Valley Renegades batting - Pitching for Mahoning Valley Scrappers : RHP Joe Zeiset
|
Batting: SHB Suljo Dokic
|
0-0: Called Strike 0-1: Ball 1-1: Foul Ball, location: 2F 1-2: Strikes out looking
|
Batting: RHB Chris Glavin
|
0-0: Called Strike 0-1: Ball 1-1: Foul Ball, location: 2F 1-2: Strikes out swinging
|
Batting: RHB Orlando Herrera
|
0-0: Ball 1-0: Ground out 5-3 (Groundball, 56, EV 86.2 MPH)
|
Top of the 5th over - 0 runs, 0 hits, 0 errors, 0 left on base; Hudson Valley 0 - Mahoning Valley 1 |
BOTTOM OF THE 5TH |
Mahoning Valley Scrappers batting - Pitching for Hudson Valley Renegades : RHP Scott Shank
|
Batting: RHB Blake Kelly
|
0-0: Ball 1-0: Ground out 6-3 (Groundball, 4M, EV 102.5 MPH)
|
Batting: RHB Tetsuhiro Taki
|
0-0: Fly out, F4 (Popup, 4S, EV 76.2 MPH)
|
Batting: RHB Gashie Chimsima
|
0-0: Swinging Strike 0-1: Called Strike 0-2: Strikes out swinging
|
Bottom of the 5th over - 0 runs, 0 hits, 0 errors, 0 left on base; Hudson Valley 0 - Mahoning Valley 1 |
TOP OF THE 6TH |
Hudson Valley Renegades batting - Pitching for Mahoning Valley Scrappers : RHP Joe Zeiset
|
Batting: RHB Jose Bengochea
|
0-0: Ball 1-0: Called Strike 1-1: Ball 2-1: Foul Ball, location: 2F 2-2: Ball 3-2: Base on Balls
|
Batting: SHB Tirta Subandrio
|
0-0: Ball 1-0: Called Strike 1-1: Called Strike 1-2: Ball 2-2: Strikes out swinging
|
Batting: LHB Dan Hunt
|
0-0: Called Strike 0-1: Ball 1-1: Foul Ball, location: 2F 1-2: Strikes out swinging
|
Pitching: LHP J.J. Adkins
|
|
Batting: RHB Jesse Haddad
|
0-0: Called Strike 0-1: Foul Ball, location: 2F 0-2: Ball 1-2: Fielders Choice at 2nd, 6-4 (Groundball, 6, EV 100.0 MPH)
|
Top of the 6th over - 0 runs, 0 hits, 0 errors, 1 left on base; Hudson Valley 0 - Mahoning Valley 1 |
BOTTOM OF THE 6TH |
Mahoning Valley Scrappers batting - Pitching for Hudson Valley Renegades : RHP Scott Shank
|
Batting: LHB John Harring
|
0-0: Ball 1-0: Foul Ball, location: 2F 1-1: Ball 2-1: Ball 3-1: Fly out, F7 (Flyball, 7S, EV 82.5 MPH)
|
Batting: RHB Ricky Cordova
|
0-0: Called Strike 0-1: Called Strike 0-2: Ball 1-2: Ball 2-2: Ball 3-2: Strikes out swinging
|
Batting: RHB Ryan Gautney
|
0-0: Ground out 6-3 (Groundball, 6MD, EV 105.6 MPH)
|
Bottom of the 6th over - 0 runs, 0 hits, 0 errors, 0 left on base; Hudson Valley 0 - Mahoning Valley 1 |
TOP OF THE 7TH |
Hudson Valley Renegades batting - Pitching for Mahoning Valley Scrappers : LHP J.J. Adkins
|
Batting: LHB Mark Marvin
|
0-0: SINGLE (Groundball, 4D, EV 103.8 MPH)
|
Batting: LHB Isaac Bamberg
|
0-0: Called Strike 0-1: Ball 1-1: Ball 2-1: Called Strike Mark Marvin steals 2nd base (no throw) 2-2: Foul Ball, location: 2F 2-2: Ball 3-2: Base on Balls
|
Batting: SHB Suljo Dokic
|
0-0: Ball 1-0: Grounds into double play, 5-4-3 (Groundball, 56, EV 85.0 MPH) Mark Marvin to third
|
Batting: RHB Chris Glavin
|
0-0: Ball 1-0: Foul Ball, location: 2F 1-1: Called Strike 1-2: Ball 2-2: Ball 3-2: Base on Balls
|
Batting: RHB Orlando Herrera
|
0-0: Called Strike 0-1: Ball 1-1: Ball 2-1: Foul Ball, location: 2F 2-2: Fielders Choice at 2nd, 6-4 (Groundball, 6, EV 109.4 MPH)
|
Top of the 7th over - 0 runs, 1 hit, 0 errors, 2 left on base; Hudson Valley 0 - Mahoning Valley 1 |
BOTTOM OF THE 7TH |
Mahoning Valley Scrappers batting - Pitching for Hudson Valley Renegades : RHP Scott Shank
|
Batting: RHB Willie Gonzales
|
0-0: Ball 1-0: Called Strike 1-1: Ball 2-1: Ball 3-1: DOUBLE (Groundball, 5L, EV 101.9 MPH)
|
Batting: RHB Jeremy Givens
|
0-0: Ball 1-0: Ball 2-0: Ground out 4-3 (Groundball, 4, EV 111.2 MPH) Willie Gonzales to third
|
Batting: RHB Andy Lewis
|
0-0: Intentional Walk
|
Batting: RHB Blake Kelly
|
0-0: Called Strike 0-1: Grounds into double play, 1-6-3 (Groundball, 34S, EV 63.8 MPH)
|
Bottom of the 7th over - 0 runs, 1 hit, 0 errors, 1 left on base; Hudson Valley 0 - Mahoning Valley 1 |
TOP OF THE 8TH |
Hudson Valley Renegades batting - Pitching for Mahoning Valley Scrappers : LHP J.J. Adkins
|
Pitching: RHP Josh Hughes
|
|
Batting: RHB Jose Bengochea
|
0-0: Foul Ball, location: 2F 0-1: Ground out 6-3 (Groundball, 6, EV 106.2 MPH)
|
Batting: SHB Tirta Subandrio
|
0-0: Ball 1-0: Foul Ball, location: 2F 1-1: Foul Ball, location: 2F 1-2: Strikes out swinging
|
Batting: LHB Dan Hunt
|
0-0: Ball 1-0: Ball 2-0: Ground out 4-3 (Groundball, 4, EV 104.4 MPH)
|
Top of the 8th over - 0 runs, 0 hits, 0 errors, 0 left on base; Hudson Valley 0 - Mahoning Valley 1 |
BOTTOM OF THE 8TH |
Mahoning Valley Scrappers batting - Pitching for Hudson Valley Renegades : RHP Scott Shank
|
Batting: RHB Tetsuhiro Taki
|
0-0: Fly out, F4 (Line Drive, 4, EV 65.0 MPH)
|
Batting: RHB Gashie Chimsima
|
0-0: Foul Ball, location: 2F 0-1: Foul Ball, location: 2F 0-2: Foul Ball, location: 2F 0-2: Ball 1-2: Strikes out looking
|
Batting: LHB John Harring
|
0-0: Swinging Strike 0-1: Ball 1-1: Swinging Strike 1-2: Strikes out looking
|
Bottom of the 8th over - 0 runs, 0 hits, 0 errors, 0 left on base; Hudson Valley 0 - Mahoning Valley 1 |
TOP OF THE 9TH |
Hudson Valley Renegades batting - Pitching for Mahoning Valley Scrappers : RHP Josh Hughes
|
Pitching: RHP Chris DeVall
|
|
Batting: RHB Jesse Haddad
|
0-0: Swinging Strike 0-1: Hit by Pitch
|
Batting: LHB Mark Marvin
|
0-0: Ball 1-0: Fielders Choice at 2nd, 4-6 (Groundball, 4, EV 108.8 MPH)
|
Batting: LHB Isaac Bamberg
|
0-0: Ball 1-0: Swinging Strike 1-1: Ball 2-1: Ball 3-1: Called Strike 3-2: Strikes out looking
|
Batting: SHB Suljo Dokic
|
0-0: Ball 1-0: Foul Ball, location: 2F 1-1: Foul Ball, location: 2F 1-2: Ball 2-2: Strikes out swinging
|
Top of the 9th over - 0 runs, 0 hits, 0 errors, 1 left on base; Hudson Valley 0 - Mahoning Valley 1 |
|